 Dungeon Crawl Stone Soup version 0.30.0-29-ga12c61a403 (webtiles) character file.

Game seed: 12960660678994137408

238 monsoonserge the Slasher (level 6, -3/49 HPs)
             Began as a Merfolk Monk on June 15, 2023.
             Was a Priest of the Shining One.
             Slain by a gnoll
             ... wielding a +0 flail
              (5 damage)
             ... on level 4 of the Dungeon.
             The game lasted 00:04:34 (2755 turns).

monsoonserge the Slasher (Merfolk Monk)             Turns: 2755, Time: 00:04:35

Health: -3/49      AC:  6    Str: 11    XL:     6   Next: 7%
Magic:  7/7        EV: 11    Int: 10    God:    the Shining One [***...]
Gold:   106        SH:  0    Dex: 18    Spells: 5/5 levels left

rFire   . . .        a - +0 falchion
rCold   . . .        d - orb {light}
rNeg    + . .        v - +0 scale mail
rPois   .            (no helmet)
rElec   .            (no cloak)
rCorr   .            (no gloves)
SInv    .            (no boots)
Will    .....        (no amulet) Stlth
                     (no ring)
HPRegen 0.28/turn    (no ring)
MPRegen 0.10/turn

%: no passive effects
@: glowing
A: (nimble swimmer 2), mertail
a: Renounce Religion, Divine Shield, Cleansing Flame


You were on level 4 of the Dungeon.
You worshipped the Shining One.
The Shining One was most pleased with you.
You visited 1 branch of the dungeon, and saw 4 of its levels.

You collected 106 gold pieces.

Inventory:

Hand Weapons
 a - a +0 falchion (weapon)
Missiles
 t - 8 poisoned darts (quivered)
Armour
 b - a +0 robe
 d - an orb of light (worn)
 v - a +0 scale mail (worn)
Wands
 s - a wand of flame (17)
Scrolls
 h - 2 scrolls of fear {unknown}
 i - a scroll of amnesia {unknown}
 j - a scroll of magic mapping {unknown}
 k - a scroll of noise {unknown}
 l - a scroll of fog {unknown}
 m - a scroll of teleportation {unknown}
 o - 3 scrolls of identify {unknown}
 q - a scroll of immolation {unknown}
Potions
 c - a potion of ambrosia
 e - 2 potions of curing {unknown}
 f - a potion of heal wounds {unknown}
 g - a potion of might {unknown}
 n - 2 potions of berserk rage {unknown}
 p - a potion of brilliance {unknown}
 r - a potion of lignification {unknown}
 u - a potion of degeneration {unknown}


   Skills:
 + Level 4.3 Fighting
 + Level 6.1 Long Blades
 + Level 5.4 Dodging
 * Level 1.3 Invocations


You had 5 spell levels left.
You didn't know any spells.
Your spell library was empty.

Dungeon Overview and Level Annotations

Branches:
Dungeon (4/15)
 Temple: D:4-7

Altars:
Cheibriados
Hepliaklqana
Kikubaaqudgha
Sif Muna
Wu Jian
The Shining One


Innate Abilities, Weirdness & Mutations

((You are very nimble when in or above water. (Stealth+, EV+, Speed+++)))
Your lower body shifts to a powerful aquatic tail in water.


Message History

The gnoll barely misses you.
You slash the gnoll!
The gnoll is severely wounded.
The gnoll barely misses you.
You completely miss the gnoll.
The gnoll is severely wounded.
The gnoll hits you with a +0 halberd.
You hit the gnoll.
The gnoll is almost dead.
The gnoll barely misses you.
You barely miss the gnoll.
The gnoll is almost dead.
The gnoll closely misses you.
You hit the gnoll.
You kill the gnoll!
The gnoll hits you but does no damage.
The ball python attacks as you move away!
The ball python bites you. The ball python barely misses you. x3
The ball python attacks as you move away!
The ball python closely misses you. The ball python barely misses you.
You hit the ball python.
You kill the ball python!
You hit the gnoll but do no damage. The gnoll hits you with a +0 flail.
You hit the gnoll but do no damage. The gnoll hits you but does no damage.
You barely miss the gnoll. The gnoll hits you with a +0 flail!
You slash the gnoll!
The gnoll is heavily wounded.
The gnoll hits you with a +0 flail!
* * * LOW HITPOINT WARNING * * *
You hit the gnoll.
The gnoll is almost dead.
The gnoll barely misses you.
You hit the gnoll but do no damage.
The gnoll is almost dead.
The gnoll hits you with a +0 flail.
* * * LOW HITPOINT WARNING * * *
You hit the gnoll.
The gnoll is almost dead.
The gnoll hits you with a +0 flail.
You die...

#...# ...#
#..# #..###
# #....#.#
#..)..[#
#.#.#..#
#.#g# #
..#@# ####.#
#..#.#
#..#.# #
#....#
#.##.#######
#..<........
############


You could see a gnoll.

Vanquished Creatures
  A phantom (D:3)
  An iron imp (D:3)
  A gnoll (D:4)
  5 adders
  3 dart slugs
  An orc (D:3)
  5 bats
  10 endoplasms
  A giant cockroach (D:2)
  10 goblins
  7 hobgoblins
  6 jackals
  A quokka (D:3)
  7 ball pythons
  8 frilled lizards
  4 kobolds
  A spectral hobgoblin (D:3)
72 creatures vanquished.

Notes
Turn   | Place    | Note
-------+----------+-------------------------------------------
     0 | D:1      | monsoonserge the Merfolk Monk began the quest for the Orb.
     0 | D:1      | Reached XP level 1. HP: 18/18 MP: 1/1
   117 | D:1      | Reached XP level 2. HP: 24/24 MP: 2/2
   179 | D:1      | Reached skill level 4 in Long Blades
   315 | D:1      | Reached XP level 3. HP: 26/30 MP: 3/3
  1342 | D:2      | Found an ancient bone altar of Kikubaaqudgha.
  1445 | D:3      | Found a snail-covered altar of Cheibriados.
  1455 | D:3      | Reached XP level 4. HP: 27/37 MP: 4/4
  1554 | D:3      | Reached skill level 5 in Long Blades
  1732 | D:3      | Found a faded altar of an unknown god.
  1747 | D:3      | Prayed at the altar of an unknown god.
  1747 | D:3      | Became a worshipper of the Shining One
  1747 | D:3      | Reached * piety under the Shining One
  1747 | D:3      | Reached ** piety under the Shining One
  1844 | D:3      | Found a hazy altar of Hepliaklqana.
  1962 | D:3      | Reached skill level 5 in Dodging
  2015 | D:3      | Reached XP level 5. HP: 37/42 MP: 5/5
  2022 | D:3      | Found a shimmering blue altar of Sif Muna.
  2029 | D:3      | Found an ornate altar of the Wu Jian Council.
  2045 | D:3      | Noticed a phantom
  2057 | D:3      | Killed a phantom
  2058 | D:3      | Reached skill level 1 in Invocations
  2158 | D:3      | Reached *** piety under the Shining One
  2567 | D:3      | Reached skill level 6 in Long Blades
  2734 | D:4      | Reached XP level 6. HP: 36/49 MP: 7/7
  2754 | D:4      | HP: 1/49 [gnoll/+0 flail (6)]
  2755 | D:4      | Slain by a gnoll

Illustrated notes

Levels and vault maps discovered:
D:1:      evilmike_arrival_hilbert_curve, layout_loops_cross, serial_forest,
          infiniplex_forest_lined_1, infiniplex_forest_clump_small,
          infiniplex_forest_straight_4, infiniplex_forest_straight_3,
          infiniplex_forest_lined_corner, infiniplex_forest_straight_2,
          infiniplex_forest_clump_diagonal
D:2:      layout_basic, basic_altar
D:3:      kennysheep_the_goblin_king, layout_basic, overflow_temple_1_default,
          mainiacjoe_overflow_six_doors_small, slow_altar_2,
          nicolae_hepliaklqana_monster_ancestors,
          nicolae_ecumenical_snake_handling
D:4:      layout_basic, uniq_sigmund, uniq_edmund, uniq_menkaure, uniq_natasha,
          uniq_blork_the_orc

Skill      XL: |  1  2  3  4  5 |
---------------+----------------+-----
Long Blades    | 4 5 6 |  6.1
Fighting       | 4 |  4.3
Dodging        | 5 |  5.4
Invocations    | 1 |  1.3

Action                     |  1- 3 |  4- 6 || total
---------------------------+-------+-------++-------
  Melee: Falchion          |    86 |    98 ||   184
 Armour: Robe              |     8 |     6 ||    14
         Scale mail        |       |     4 ||     4
  Dodge: Dodged            |    44 |    63 ||   107
